Map: Nightshade LE

Players

Lambo - Winner!

  • Race: Zerg Zerg
  • Spawn Location: 11:00

Trap

  • Race: Protoss Protoss
  • Spawn Location: 5:00

Event: IEM Katowice 2020

VOD

Have the link to the VOD?

Description

Time

  • Played on: Feb. 25, 2020, 10:50 a.m.
  • Length: 7:16

All games in this series

Show
View Real Time Build Order
Export as new Build Order

Lambo Zerg - Winner!

Build Orders: Hatch First 

Get SALT Encoding   

  12  0:00  Drone  
  13  0:12  Overlord  
  13  0:16  Drone  
  14  0:30  Drone x2  
  16  0:47  Hatchery  
  15  0:50  Drone  
  15  0:54  Drone  
  17  0:57  Drone  
  18  1:08  Extractor  
  17  1:13  Spawning Pool  
  17  1:16  Drone  
  17  1:19  Drone  
  18  1:27  Drone  
  19  1:43  Drone  
  20  1:52  Overlord  
  20  2:01  Zergling x4, Queen x2  
  26  2:11  Drone x2  
  28  2:24  Drone  
  28  2:25  Drone  
  30  2:37  Hatchery  
  30  2:39  Pneumatized Carapace  
  30  2:41  Drone  
  30  2:45  Drone x2  
  30  2:48  Overlord  
  32  2:54  Queen  
  32  2:57  Drone  
  35  2:59  Drone  
  36  3:08  Zergling x4  
  36  3:10  Drone x2  
  36  3:12  Drone  
  41  3:17  Overlord  
  41  3:18  Drone  
  42  3:25  Drone  
  43  3:34  Drone  
  44  3:35  Spore Crawler, Queen  
  44  3:36  Spore Crawler  
  44  3:37  Metabolic Boost  
  44  3:41  Drone x2  
  44  3:43  Drone  
  44  3:44  Drone  
  44  3:47  Overlord  
  48  3:49  Drone  
  48  3:55  Overlord  
  49  3:56  Drone  
  49  4:01  Queen  
  52  4:05  Drone  
  52  4:08  Spore Crawler, Drone  
  52  4:11  Drone x2  
  52  4:12  Drone  
  52  4:14  Drone  
  52  4:16  Drone  
  57  4:18  Overlord  
  57  4:22  Drone x2  
  58  4:26  Drone  
  58  4:27  Drone  
  58  4:31  Zergling x2, Extractor  
  61  4:32  Extractor  
  61  4:33  Lair  
  61  4:35  Drone  
  61  4:37  Drone  
  61  4:38  Drone  
  61  4:42  Drone x2  
  61  4:46  Drone  
  61  4:48  Drone x2  
  64  4:56  Roach Warren  
  64  4:57  Drone  
  64  4:59  Drone x2  
  66  5:02  Drone x2  
  66  5:05  Overlord  
  66  5:06  Drone  
  69  5:08  Drone x2  
  71  5:14  Evolution Chamber  
  71  5:15  Extractor  
  71  5:19  Queen  
  73  5:22  Overlord  
  74  5:28  Overlord  
  74  5:32  Overlord  
  74  5:37  Roach x6  
  74  5:40  Overlord  
  74  5:42  Overlord  
  86  5:43  Roach  
  86  5:45  Roach  
  86  5:47  Roach x3  
  86  5:49  Roach  
  96  5:51  Roach  
  96  5:56  Roach  
  96  5:57  Roach x2  
  104  6:04  Roach x4  
  112  6:12  Roach x3  
  112  6:16  Overlord  
  112  6:17  Ravager x2  
  112  6:18  Zergling x8, Ravager x2  
  125  6:23  Zergling x6  
  125  6:26  Zergling x2  
  125  6:27  Zergling x2  
  125  6:29  Ravager  
  125  6:30  Queen  
  130  6:38  Zergling x2  
  129  6:41  Ravager x2  
  129  6:44  Zergling x2  
  129  6:46  Zergling x6  
  135  6:48  Zergling x2  
  130  6:58  Zergling x6  
  117  7:12  Spire  
Show
View Real Time Build Order
Export as new Build Order

Trap Protoss 

Build Orders: 1 Gate Expand, Oracle Opening 

Get SALT Encoding   

  12  0:00  Probe  
  13  0:12  Probe  
  14  0:19  Pylon  
  14  0:24  Probe  
  15  0:37  Probe (Chrono Boost)  
  16  0:44  Gateway  
  16  0:46  Probe (Chrono Boost)  
  16  0:47  Assimilator  
  17  0:51  Probe (Chrono Boost)  
  18  1:03  Probe  
  19  1:15  Probe  
  20  1:25  Nexus  
  20  1:34  Cybernetics Core  
  20  1:36  Probe  
  21  1:48  Probe  
  21  1:49  Assimilator  
  22  1:54  Pylon  
  22  2:00  Probe  
  23  2:09  Adept (Chrono Boost)  
  23  2:12  Probe  
  26  2:19  Stargate  
  26  2:24  Probe  
  26  2:28  Warp Gate, Pylon  
  27  2:33  Adept  
  27  2:37  Probe x2 (Chrono Boost)  
  31  2:47  Probe x2 (Chrono Boost)  
  33  2:51  Probe (Chrono Boost)  
  33  2:52  Probe (Chrono Boost)  
  35  3:00  Oracle (Chrono Boost)  
  35  3:03  Probe  
  35  3:04  Probe  
  40  3:09  Stalker  
  42  3:15  Probe  
  42  3:16  Probe  
  42  3:17  Pylon  
  44  3:26  Gateway  
  44  3:27  Probe  
  44  3:28  Probe  
  46  3:35  Oracle (Chrono Boost)  
  46  3:39  Probe  
  46  3:40  Probe  
  51  3:43  Pylon  
  51  3:51  Probe  
  51  3:52  Probe  
  51  3:54  Assimilator x2  
  53  4:03  Probe  
  53  4:04  Probe, Pylon  
  53  4:06  Oracle (Chrono Boost)  
  58  4:14  Pylon  
  58  4:15  Probe  
  58  4:16  Probe  
  60  4:24  Robotics Facility  
  60  4:28  Nexus  
  60  4:34  Probe, Pylon  
  60  4:36  Probe  
  62  4:46  Probe  
  62  4:48  Probe, Sentry x2  
  62  4:52  Pylon  
  64  4:55  Shield Battery  
  64  5:02  Forge, Twilight Council  
  64  5:03  Probe x2  
  66  5:12  Adept x2  
  70  5:15  Probe x2  
  72  5:21  Immortal  
  72  5:27  Probe x2 (Chrono Boost)  
  78  5:33  Sentry x2  
  78  5:35  Charge  
  82  5:38  Probe x2 (Chrono Boost)  
  84  5:44  Probe x2 (Chrono Boost)  
  84  5:47  Probe  
  87  5:55  Gateway  
  87  5:57  Gateway  
  87  5:58  Gateway  
  87  6:01  Assimilator  
  87  6:03  Probe x3  
  90  6:06  Assimilator  
  90  6:08  Zealot  
  90  6:10  Immortal (Chrono Boost)  
  96  6:16  Templar Archives  
  96  6:23  Zealot  
  96  6:24  Shield Battery  
  98  6:26  Shield Battery  
  98  6:27  Shield Battery  
  98  6:28  Zealot  
  98  6:29  Shield Battery  
  100  6:32  Pylon  
  100  6:38  Shield Battery  
  100  6:40  Immortal (Chrono Boost)  
  100  6:43  Shield Battery  
  100  6:45  Sentry  
  105  6:56  Stalker x2  
  105  6:57  Zealot  

Tags
 
Add a new tag
Caveats
  • Supply blocks, unpowered buildings, or Contaminate may cause inaccurate times.
  • Supply counts are checked every 10 seconds.